 Dungeon Crawl Stone Soup version 0.31.0-12-g77e489cdc1 (webtiles) character file.

Game seed: 11391328702730880162

34 H0rd4k the Charlatan (level 3, -10/23 HPs)
             Began as an Octopode Artificer on Feb 28, 2024.
             Mangled by Terence
             ... wielding a +0 morningstar
              (15 damage)
             ... on level 2 of the Dungeon.
             The game lasted 00:00:49 (1240 turns).

H0rd4k the Charlatan (Octopode Artificer)           Turns: 1240, Time: 00:00:50

Health: -10/23     AC:  1    Str: 11    XL:     3   Next: 31%
Magic:  3/3        EV: 13    Int: 15    God:
Gold:   52         SH:  0    Dex: 12    Spells: 2/2 levels left

rFire   . . .        (no weapon)
rCold   . . .        (no shield)
rNeg    . . .        (helmet restricted)
rPois   .            (no amulet)
rElec   .            (no ring)
rCorr   .            (no ring)
SInv    .            (no ring)
Will    .....        (no ring)
Stlth   +++          (no ring)
HPRegen 0.23/turn    (no ring)
MPRegen 0.08/turn    (no ring)
                     (no ring)

%: no passive effects
@: no status effects
A: almost no armour, amphibious, 8 rings, camouflage 1, gelatinous body 1,
(nimble swimmer 1), tentacles
a: no special abilities


You were on level 2 of the Dungeon.
You visited 1 branch of the dungeon, and saw 2 of its levels.

You collected 52 gold pieces.

Inventory:

Jewellery
 g - a ring of protection from cold
Wands
 b - a wand of flame (15) (quivered)
 c - a wand of charming (14)
 d - a wand of iceblast (5)
Potions
 a - 2 potions of ambrosia {unknown}
 e - a potion of mutation {unknown}
 f - a potion of degeneration {unknown}


   Skills:
 + Level 1.0 Fighting
 - Level 2.3 Dodging
 - Level 1.3 Stealth
 + Level 0.6 Unarmed Combat
 + Level 4.6 Evocations


You had 2 spell levels left.
You didn't know any spells.
Your spell library contained the following spells:

 Spells                   Type           Power      Damage    Failure   Level
 Freeze                   Ice            0%         1d3       26%         1
 Frozen Ramparts          Ice            0%         1d1       63%         3
 Hailstorm                Conj/Ice       0%         3d5       63%         3


Dungeon Overview and Level Annotations

Branches:
Dungeon (2/15)

Altars:

Annotations:
D:2 Jessica, Terence


Innate Abilities, Weirdness & Mutations

You cannot wear most types of armour.
You are amphibious.
You can wear up to eight rings at the same time.
Your skin changes colour to match your surroundings (Stealth+).
Your rubbery body absorbs attacks. (AC +1, EV +1)
((You are camouflaged when in or above water. (Stealth+)))
You have tentacles for arms and can constrict up to eight enemies at once.


Message History

Terence hits you with a +0 morningstar!
You tentacle-slap Terence but do no damage.
Terence is lightly wounded.
You constrict Terence.
Jessica mumbles some strange words.
Jessica blinks!
Terence barely misses you.
You tentacle-slap Terence but do no damage.
Terence is lightly wounded.
You constrict Terence, but do no damage.
Terence misses you.
You tentacle-slap Terence but do no damage.
Terence is lightly wounded.
You constrict Terence, but do no damage.
Terence closely misses you.
You tentacle-slap Terence but do no damage.
You squeeze Terence, but do no damage.
Terence is lightly wounded.
You constrict Terence, but do no damage.
Jessica hits you with a +0 club. Terence misses you.
You are too injured to fight recklessly!
You are too injured to fight recklessly!
You are too injured to fight recklessly!
You are too injured to fight recklessly!
You are too injured to fight recklessly!
You are too injured to fight recklessly!
You are too injured to fight recklessly!
Aiming: Charm
Press: ? - help, Shift-Dir - straight line, f - Jessica
Aim: Jessica, wielding a +0 club and wearing a +0 robe (chance to affect: 69%) Jessica is charmed.
You constrict Terence. Terence hits you with a +0 morningstar.
* * * LOW HITPOINT WARNING * * *
You swap places.
You release your grip on Terence.
Jessica gestures wildly while chanting.
Jessica blinks!
Terence barely misses you. Terence attacks as he pursues you!
Terence hits you with a +0 morningstar!
Ouch! That really hurt!
You die...
Terence says, "That felt goooood."

....# #.##..#.............
...## #.##.)#.###..###.##.
..## #.##..#.####.###.#
..# #.##..†..........# #.#
##<##.##.####.##### #.#
#..............####..
#.####.######.###.........
#......(.####.###@..#####.
######.#........@.........
#.##########@...##### #.#
#......:.. #..
...........##### ###
########.### #>. ####


You could see Terence and the friendly Jessica (charmed).

Vanquished Creatures
  A dart slug (D:1)
  An endoplasm (D:1)
  2 giant cockroaches (D:1)
  5 goblins
  A hobgoblin (D:1)
  4 jackals (D:1)
  6 ball pythons
  2 bats
  2 frilled lizards (D:2)
  2 kobolds (D:1)
  3 rats (D:1)
29 creatures vanquished.

Notes
Turn   | Place    | Note
-------+----------+-------------------------------------------
     0 | D:1      | H0rd4k the Octopode Artificer began the quest for the Orb.
     0 | D:1      | Reached XP level 1. HP: 13/13 MP: 1/1
   280 | D:1      | Reached XP level 2. HP: 17/18 MP: 2/2
   578 | D:1      | Reached skill level 4 in Evocations
   888 | D:1      | Reached XP level 3. HP: 19/23 MP: 3/3
  1230 | D:2      | Noticed Terence
  1232 | D:2      | Noticed Jessica
  1240 | D:2      | Mangled by Terence

Illustrated notes

Levels and vault maps discovered:
D:1:      lemuel_arrival_lava_pool, layout_basic
D:2:      layout_loops_ring, minmay_diced_spiral, uniq_terence, uniq_jessica

Skill      XL: |  1  2 |
---------------+-------+-----
Evocations     | 4 |  4.6
Fighting       | |  1.0
Dodging        | |  2.3
Stealth        | |  1.3
Unarmed Combat | |  0.6

Action                     || total
---------------------------++-------
  Melee: Unarmed           ||    78
         Constrict         ||    22
         Tentacles         ||    15
         Punch             ||     1
  Evoke: Wand              ||     1
   Stab: Sleeping          ||     4
 Armour: Skin              ||    30
  Dodge: Dodged            ||    58
